Map: Orbital Shipyard

Players

Jamileon - Winner!

  • Race: Protoss Protoss
  • League: Master

oliM

  • Race: Protoss Protoss
  • League: Master

VOD

Have the link to the VOD?

Description

Time

  • Played on: Feb. 10, 2016, 11:28 p.m.
  • Length: 16:37
Show
View Real Time Build Order
Export as new Build Order

Jamileon Protoss - Winner!

Build Orders: 1 Gate Expand, Oracle Opening 

Get SALT Encoding   

  12  0:01  Probe (Chrono Boost)  
  13  0:11  Probe (Chrono Boost)  
  14  0:18  Pylon  
  14  0:22  Probe (Chrono Boost)  
  15  0:36  Probe (Chrono Boost)  
  15  0:37  Gateway  
  16  0:43  Assimilator  
  16  0:47  Probe (Chrono Boost)  
  17  0:57  Probe (Chrono Boost)  
  18  1:08  Probe (Chrono Boost)  
  19  1:20  Nexus  
  19  1:24  Probe (Chrono Boost)  
  20  1:32  Assimilator  
  20  1:42  Probe (Chrono Boost), Cybernetics Core  
  21  1:52  Pylon  
  21  1:54  Probe (Chrono Boost)  
  22  2:04  Probe (Chrono Boost)  
  23  2:10  Pylon  
  23  2:15  Probe (Chrono Boost)  
  24  2:18  Adept (Chrono Boost), Warp Gate  
  28  2:36  Probe (Chrono Boost)  
  27  2:37  Probe (Chrono Boost)  
  27  2:43  Adept (Chrono Boost)  
  30  2:49  Mothership Core (Chrono Boost)  
  32  2:52  Probe (Chrono Boost)  
  32  2:57  Stargate  
  33  3:02  Probe (Chrono Boost)  
  34  3:07  Probe (Chrono Boost)  
  34  3:12  Adept  
  37  3:13  Probe (Chrono Boost)  
  37  3:18  Probe (Chrono Boost)  
  39  3:24  Probe (Chrono Boost)  
  40  3:28  Probe (Chrono Boost)  
  40  3:30  Robotics Facility  
  40  3:32  Pylon  
  42  3:34  Probe (Chrono Boost)  
  42  3:39  Probe (Chrono Boost), Stalker  
  45  3:46  Oracle (Chrono Boost)  
  46  3:49  Probe  
  46  3:51  Probe  
  44  4:02  Probe  
  41  4:04  Probe  
  41  4:11  Twilight Council  
  41  4:13  Probe  
  41  4:16  Probe (Chrono Boost)  
  43  4:20  Observer  
  44  4:25  Probe (Chrono Boost)  
  44  4:28  Probe (Chrono Boost)  
  46  4:39  Probe x2 (Chrono Boost)  
  46  4:42  Pylon  
  45  4:46  Nexus  
  45  4:49  Blink (Chrono Boost)  
  45  4:51  Probe  
  45  4:52  Probe  
  47  4:57  Assimilator  
  47  5:01  Probe  
  48  5:13  Gateway  
  48  5:14  Gateway  
  48  5:15  Probe x2  
  48  5:17  Gateway  
  48  5:19  Pylon  
  50  5:27  Probe  
  51  5:36  Probe  
  51  5:39  Probe  
  51  5:40  Assimilator  
  53  5:45  Stalker  
  53  5:46  Observer  
  53  5:48  Probe  
  55  5:51  Probe, Pylon  
  55  5:54  Pylon  
  56  5:57  Forge  
  56  5:58  Probe  
  56  6:03  Probe  
  57  6:05  Probe  
  57  6:09  Probe  
  59  6:13  Stalker x3  
  59  6:14  Stalker  
  64  6:20  Probe x2, Protoss Ground Weapons Level 1  
  64  6:22  Probe  
  64  6:24  Observer  
  67  6:32  Pylon  
  67  6:34  Probe (Chrono Boost)  
  67  6:35  Photon Cannon  
  67  6:36  Probe x2 (Chrono Boost)  
  70  6:46  Stalker x2  
  75  6:47  Probe x3 (Chrono Boost), Stalker  
  75  6:49  Sentry  
  75  6:54  Observer  
  82  6:58  Probe x2 (Chrono Boost)  
  82  6:59  Probe (Chrono Boost)  
  82  7:08  Probe x2 (Chrono Boost)  
  82  7:11  Probe (Chrono Boost)  
  83  7:15  Stalker x3  
  83  7:16  Stalker  
  83  7:17  Warp Prism  
  83  7:19  Probe (Chrono Boost)  
  94  7:23  Assimilator x2  
  94  7:27  Photon Cannon  
  94  7:30  Probe (Chrono Boost)  
  94  7:31  Probe (Chrono Boost)  
  96  7:40  Probe (Chrono Boost)  
  96  7:41  Probe (Chrono Boost), Charge  
  98  7:46  Gateway x2  
  98  7:50  Probe (Chrono Boost)  
  98  7:51  Probe (Chrono Boost)  
  96  7:59  Probe (Chrono Boost)  
  96  8:01  Probe (Chrono Boost)  
  96  8:04  Dark Shrine, Protoss Ground Weapons Level 2  
  98  8:09  Zealot x4  
  106  8:14  Pylon  
  106  8:15  Pylon  
  106  8:26  Probe (Chrono Boost), Pylon  
  108  8:28  Probe (Chrono Boost)  
  108  8:33  Templar Archives  
  108  8:35  Immortal (Chrono Boost)  
  108  8:40  Sentry x2  
  114  8:53  Nexus  
  114  8:56  Gateway x2  
  114  8:57  Gateway  
  114  9:00  Robotics Facility, Gateway  
  114  9:03  Pylon  
  114  9:06  Pylon  
  114  9:10  High Templar x3, Pylon  
  114  9:11  High Templar  
  114  9:15  Archon x2, Immortal (Chrono Boost)  
  126  9:24  Dark Templar x2  
  130  9:44  Pylon  
  130  9:45  Pylon  
  130  9:46  Pylon  
  130  9:54  High Templar x2  
  130  9:56  Immortal x2 (Chrono Boost)  
  130  9:59  Zealot x2  
  146  10:00  Archon, Zealot x5  
  156  10:09  Probe  
  156  10:11  Probe  
  156  10:13  Photon Cannon  
  158  10:15  Photon Cannon  
  158  10:17  Assimilator  
  156  10:22  Assimilator  
  156  10:25  Zealot x2  
  159  10:31  High Templar x2  
  161  10:44  High Templar  
  161  10:45  High Templar  
  161  10:46  Immortal (Chrono Boost)  
  161  10:47  Immortal (Chrono Boost)  
  161  10:49  Zealot x5  
  179  10:59  Photon Cannon  
  179  11:01  Photon Cannon  
  179  11:02  Photon Cannon  
  179  11:03  Photon Cannon  
  179  11:05  Photon Cannon  
  179  11:08  High Templar x2  
  183  11:12  Archon  
  183  11:16  Protoss Ground Weapons Level 3 (Chrono Boost)  
  183  11:24  Photon Cannon x2  
  183  11:28  Zealot x5  
  193  11:39  Nexus  
  191  11:57  Archon x2  
  191  12:00  Zealot x4  
  191  12:01  Zealot x5  
  147  12:08  Immortal  
  129  12:23  High Templar  
  129  12:24  High Templar x3  
  129  12:25  High Templar x2  
  129  12:27  Zealot x2  
  129  12:28  Zealot  
  129  12:29  Archon x3  
  147  12:30  Probe  
  147  12:31  Probe  
  147  12:32  Probe  
  150  12:43  Immortal  
  154  12:48  High Templar x2  
  154  12:49  Sentry  
  160  12:53  Archon  
  160  12:59  Zealot  
  160  13:00  Zealot x5  
  172  13:13  Immortal  
  176  13:20  High Templar x3  
  176  13:21  High Templar  
  176  13:25  Archon  
  176  13:26  Archon  
  184  13:28  Nexus  
  184  13:29  Pylon  
  184  13:32  Pylon  
  184  13:33  Zealot  
  184  13:34  Zealot  
  188  13:36  Warp Prism  
  188  13:38  Protoss Ground Armor Level 1 (Chrono Boost)  
  189  13:42  High Templar  
  189  13:43  High Templar  
  189  13:44  Zealot  
  195  13:49  Archon  
  195  13:50  Zealot  
  197  14:00  Stargate  
  197  14:03  Pylon  
  197  14:05  Photon Cannon, Pylon  
  197  14:06  Photon Cannon  
  195  14:20  High Templar x2  
  199  14:24  Observer  
  199  14:25  Archon  
  199  14:30  Dark Templar  
  183  14:52  Stalker x9  
  189  14:56  Pylon  
  189  14:57  Pylon  
  189  14:58  Pylon  
  189  14:59  Oracle (Chrono Boost)  
  196  15:02  Pylon  
  196  15:03  Fleet Beacon  
  196  15:07  Stargate, Assimilator  
  196  15:13  Assimilator  
  182  15:29  Photon Cannon  
  182  15:30  High Templar  
  182  15:31  High Templar, Photon Cannon  
  182  15:35  Photon Cannon  
  186  15:37  Archon  
  186  16:06  High Templar x2  
  186  16:07  High Templar  
  186  16:08  High Templar  
  194  16:12  Archon x2  
  170  16:27  Zealot x6  
  166  16:36  Stargate  
  166  16:37  Stargate  
Show
View Real Time Build Order
Export as new Build Order

oliM Protoss 

Build Orders: Nexus First 

Get SALT Encoding   

  12  0:01  Probe (Chrono Boost)  
  13  0:11  Probe (Chrono Boost)  
  14  0:17  Pylon  
  14  0:22  Probe (Chrono Boost)  
  15  0:36  Probe (Chrono Boost)  
  16  0:46  Probe (Chrono Boost)  
  17  0:58  Nexus  
  17  1:09  Gateway  
  17  1:12  Probe (Chrono Boost)  
  18  1:18  Assimilator  
  18  1:24  Assimilator  
  18  1:25  Probe (Chrono Boost)  
  19  1:35  Gateway  
  19  1:38  Probe (Chrono Boost)  
  20  1:49  Probe (Chrono Boost)  
  21  1:58  Cybernetics Core  
  21  1:59  Probe (Chrono Boost)  
  22  2:10  Probe x2 (Chrono Boost)  
  24  2:23  Probe (Chrono Boost)  
  25  2:34  Adept x2 (Chrono Boost)  
  25  2:36  Mothership Core  
  31  2:39  Warp Gate  
  31  2:45  Probe  
  31  2:47  Pylon  
  32  2:57  Probe (Chrono Boost)  
  32  2:58  Probe (Chrono Boost)  
  34  3:09  Probe x2 (Chrono Boost)  
  36  3:14  Stargate, Stalker  
  36  3:19  Probe (Chrono Boost)  
  38  3:21  Probe (Chrono Boost)  
  38  3:23  Sentry  
  38  3:26  Pylon  
  41  3:30  Probe (Chrono Boost)  
  41  3:31  Probe (Chrono Boost)  
  43  3:40  Probe (Chrono Boost)  
  44  3:42  Probe (Chrono Boost)  
  45  3:50  Robotics Facility  
  44  4:00  Probe x2  
  39  4:09  Phoenix (Chrono Boost)  
  40  4:11  Probe  
  40  4:13  Probe, Assimilator  
  42  4:18  Assimilator  
  42  4:22  Probe (Chrono Boost)  
  43  4:25  Probe (Chrono Boost)  
  43  4:29  Pylon  
  44  4:34  Probe (Chrono Boost)  
  44  4:36  Probe (Chrono Boost)  
  43  4:39  Phoenix  
  43  4:44  Probe (Chrono Boost)  
  44  4:46  Probe (Chrono Boost)  
  44  4:50  Observer  
  46  4:55  Probe (Chrono Boost)  
  46  4:57  Probe (Chrono Boost)  
  48  5:04  Phoenix  
  48  5:05  Probe (Chrono Boost)  
  51  5:07  Probe (Chrono Boost)  
  51  5:10  Nexus  
  51  5:11  Pylon  
  52  5:16  Probe (Chrono Boost)  
  52  5:18  Probe (Chrono Boost)  
  54  5:26  Probe (Chrono Boost)  
  55  5:29  Phoenix  
  57  5:41  Probe x2 (Chrono Boost)  
  57  5:43  Immortal (Chrono Boost)  
  60  5:50  Twilight Council  
  60  5:52  Forge  
  60  5:54  Gateway  
  60  6:03  Probe  
  61  6:08  Sentry  
  61  6:09  Sentry  
  61  6:11  Gateway  
  65  6:14  Pylon  
  65  6:18  Immortal (Chrono Boost)  
  69  6:21  Probe  
  69  6:22  Probe  
  69  6:24  Probe, Protoss Ground Weapons Level 1 (Chrono Boost)  
  71  6:29  Photon Cannon  
  71  6:31  Photon Cannon  
  71  6:32  Probe  
  72  6:33  Probe  
  72  6:34  Probe  
  72  6:36  Charge (Chrono Boost)  
  75  6:43  Probe  
  75  6:45  Probe x2  
  75  6:46  Pylon  
  78  6:53  Probe  
  78  6:54  Immortal (Chrono Boost)  
  78  6:57  Probe  
  84  7:11  Gateway  
  84  7:14  Pylon  
  84  7:15  Probe, Gateway  
  84  7:16  Probe, Templar Archives  
  84  7:17  Photon Cannon  
  86  7:23  Probe  
  86  7:28  Probe  
  86  7:29  Probe, Gateway, Zealot  
  91  7:30  Gateway  
  91  7:34  Immortal  
  91  7:35  Probe  
  92  7:40  Probe  
  92  7:41  Probe  
  92  7:43  Assimilator  
  98  7:47  Probe  
  99  7:54  Zealot x3  
  99  7:55  Zealot  
  105  8:10  High Templar x2  
  107  8:12  Gateway  
  107  8:13  Gateway  
  107  8:14  Archon  
  107  8:15  Protoss Ground Weapons Level 2, Assimilator  
  107  8:18  Pylon  
  107  8:21  Pylon  
  107  8:22  Pylon  
  107  8:23  Pylon  
  107  8:26  Pylon  
  107  8:30  Probe  
  107  8:31  Immortal  
  112  8:41  High Templar x2  
  112  8:42  Zealot x3  
  112  8:47  Photon Cannon  
  112  8:48  Archon, Pylon  
  122  8:51  Pylon x2  
  122  8:53  Probe  
  123  8:56  Probe  
  123  9:02  Phoenix  
  126  9:03  Probe  
  126  9:10  Immortal  
  126  9:11  Zealot x2  
  126  9:12  Zealot x6  
  126  9:14  High Templar x2  
  150  9:26  Archon  
  150  9:27  Photon Cannon, Phoenix  
  152  9:41  Photon Cannon  
  152  9:42  Photon Cannon  
  152  9:44  Photon Cannon  
  152  9:47  High Templar x2  
  152  9:51  Archon  
  152  9:52  Phoenix  
  158  10:01  Immortal  
  158  10:03  Nexus  
  158  10:06  Pylon x2  
  162  10:14  Pylon  
  162  10:18  Dark Shrine  
  162  10:25  High Templar x2  
  162  10:26  Photon Cannon  
  164  10:29  Archon, Photon Cannon  
  164  10:30  Photon Cannon  
  164  10:31  Zealot x5  
  170  10:52  High Templar x2  
  170  10:53  Zealot x2  
  170  10:54  Zealot x3  
  184  10:57  Photon Cannon  
  184  10:59  Immortal  
  184  11:00  Archon, Photon Cannon  
  184  11:02  Probe (Chrono Boost)  
  189  11:08  Assimilator  
  189  11:14  Assimilator  
  189  11:15  Pylon  
  189  11:17  Probe (Chrono Boost)  
  190  11:31  Protoss Ground Weapons Level 3  
  190  11:38  Photon Cannon  
  190  11:39  Observer  
  191  11:40  Pylon  
  191  11:42  Robotics Facility, Photon Cannon  
  191  11:45  Gateway  
  191  11:46  Zealot x4  
  199  11:48  Gateway  
  199  11:51  Pylon  
  199  11:52  Gateway  
  189  12:00  Zealot x5  
  133  12:12  Immortal (Chrono Boost)  
  89  12:24  Dark Templar x3  
  89  12:25  Dark Templar, Zealot x3  
  103  12:34  Immortal (Chrono Boost)  
  107  12:50  Immortal (Chrono Boost)  
  111  12:58  High Templar x4  
  113  13:02  Archon x2  
  117  13:09  Immortal (Chrono Boost), Zealot x2  
  117  13:10  Zealot x3  
  131  13:24  Immortal (Chrono Boost)  
  135  13:42  High Templar x3  
  135  13:43  High Templar x2, Immortal (Chrono Boost)  
  147  13:48  High Templar  
  147  13:49  Nexus  
  147  13:50  Pylon  
  147  13:51  Archon  
  147  13:52  Archon x2  
  147  13:53  Archon  
  147  13:58  Dark Templar x2  
  147  14:02  Zealot x3  
  157  14:11  Immortal (Chrono Boost)  
  143  14:17  Dark Templar x2  
  143  14:19  Zealot  
  149  14:24  Photon Cannon  
  129  14:33  Zealot x3  
  129  14:34  Zealot  
  129  14:36  Dark Templar  
  111  14:56  Immortal (Chrono Boost)  
  111  15:01  Immortal (Chrono Boost)  
  111  15:02  Dark Templar x2  
  111  15:03  Zealot x3  
  125  15:07  Archon  
  125  15:08  Dark Templar  
  127  15:16  Zealot x3  
  127  15:20  High Templar x2  
  128  15:25  Archon  
  128  15:27  Archon  
  128  15:32  Zealot x2  
  128  15:33  Zealot x2  
  136  15:39  Immortal (Chrono Boost)  
  136  15:41  Mothership Core  
  139  15:52  Immortal (Chrono Boost)  
  139  16:02  Zealot x4  
  147  16:04  High Templar  
  147  16:09  High Templar  
  151  16:13  Archon  
  151  16:15  Zealot x3  
  155  16:23  Zealot x2  
  155  16:24  Zealot  
  131  16:29  Zealot  
  109  16:33  Zealot  
  109  16:35  Zealot  
Tags
 
Add a new tag
Caveats
  • Supply blocks, unpowered buildings, or Contaminate may cause inaccurate times.
  • Supply counts are checked every 10 seconds.